 Dungeon Crawl Stone Soup version 0.23.2-33-g5129a83184 (webtiles) character file.

Game seed: 7823617841860296555

10499 DorianNounverber the Geomancer (level 11, 0/65 HPs)
             Began as a Gargoyle Earth Elementalist on July 12, 2019.
             Was a Follower of Vehumet.
             Slain by an unseen horror (6 damage)
             ... on level 11 of the Dungeon.
             The game lasted 01:01:13 (13945 turns).

DorianNounverber the Geomancer (GrEE)              Turns: 13945, Time: 01:01:14

Health: 0/65       AC: 17    Str: 13      XL:     11   Next: 63%
Magic:  23/23      EV: 14    Int: 18      God:    Vehumet [*.....]
Gold:   541        SH:  0    Dex:  8 (10) Spells: 11/26 levels left

rFire    . . .     SeeInvis .   j - +4 quarterstaff (chaos)
rCold    + . .     Gourm    .   (shield currently unavailable)
rNeg     + . .     Faith    .   G - +1 robe {MR+}
rPois    ∞         Spirit   .   (no helmet)
rElec    +         Reflect  .   i - +1 cloak {rPois}
rCorr    .         Harm     +   k - +0 pair of gloves
MR       +....                  (no boots)
Stlth    ++........             x - amulet of harm
HPRegen  0.20/turn              p - ring of protection from cold
MPRegen  0.18/turn              q - +3 ring of protection

@: no status effects
A: negative energy resistance 1, electricity resistance, unbreathing,
petrification resistance, rot immunity, AC +8
a: Renounce Religion


You were on level 11 of the Dungeon.
You worshipped Vehumet.
Vehumet was aware of your devotion.
You were not hungry.

You visited 2 branches of the dungeon, and saw 12 of its levels.

You collected 541 gold pieces.

Inventory:

Hand Weapons
 j - a +4 quarterstaff of chaos (weapon)
 o - a +1 whip of freezing
 v - the +7 rapier of Emaig {pierce, rF+ rC+ rN+, unknown}
   (You found it on level 5 of the Dungeon)

   It inflicts extra damage upon your enemies.
   It protects you from fire.
   It protects you from cold.
   It protects you from negative energy.
 M - the +11 plutonium sword {*Contam Stlth-}
   (You found it on level 8 of the Dungeon)

   It causes magical contamination when unequipped.
   It makes you less stealthy.
Missiles
 b - 187 stones (quivered)
 h - 3 throwing nets
Armour
 i - a +1 cloak of poison resistance (worn)
 k - a +0 pair of gloves (worn)
 G - a +1 robe of magic resistance (worn)
Jewellery
 p - a ring of protection from cold (left hand)
 q - a +3 ring of protection (right hand)
 x - an amulet of harm (around neck)
 K - an uncursed amulet of magic regeneration
 L - an uncursed ring of protection from cold
Wands
 w - a wand of flame (16)
 z - a wand of paralysis (15)
 J - a wand of iceblast (12)
Scrolls
 a - 6 scrolls of remove curse
 c - 5 scrolls of fear
 f - 3 scrolls of identify
 g - 2 scrolls of immolation {unknown}
 r - 2 scrolls of enchant weapon {unknown}
 s - a scroll of blinking {unknown}
 t - a scroll of fog {unknown}
 y - 2 scrolls of teleportation {unknown}
 C - a scroll of magic mapping {unknown}
 F - 2 scrolls of acquirement {unknown}
 I - 2 scrolls of enchant armour {unknown}
Potions
 e - 4 potions of degeneration
 l - a potion of curing
 m - 2 potions of haste
 n - 2 potions of ambrosia
 u - 3 potions of mutation
 A - 2 potions of might
 B - 2 potions of magic {unknown}
 D - a potion of lignification {unknown}
 E - a potion of berserk rage {unknown}
 H - 3 potions of flight
Comestibles
 d - 17 rations


   Skills:
 + Level 6.3 Fighting
 + Level 5.4 Staves
 + Level 5.4 Dodging
 - Level 2.1 Stealth
 * Level 8.2 Spellcasting
 + Level 6.1 Conjurations
 + Level 3.7 Summonings
 - Level 0.7 Transmutations
 * Level 10.9 Earth Magic
 + Level 3.8 Evocations


You had 11 spell levels left.
You knew the following spells:

 Your Spells              Type           Power        Failure   Level  Hunger
a - Sandblast             Erth           #####.       1%          1    None
b - Stone Arrow           Conj/Erth      #####.       1%          3    #......
c - Petrify               Tmut/Erth      ####....     9%          4    ###....
d - Lee's Rapid Deconstr  Erth           #####.....   3%          5    #####..
e - Call Imp              Summ           ###.....     3%          2    None

Your spell library contained the following spells:

 Spells                   Type           Power        Failure   Level  Hunger
 Flame Tongue             Conj/Fire      ###..        2%          1    None
 Summon Small Mammal      Summ           ###.         1%          1    None
 Passwall                 Tmut/Erth      ####....     1%          2    None
 Call Canine Familiar     Summ           ###.....     6%          3    #......
 Corona                   Hex            #......      10%         1    None
 Leda's Liquefaction      Hex/Erth       ####......   10%         4    ###....
 Summon Guardian Golem    Hex/Summ       ##......     13%         3    #......
 Slow                     Hex            #.......     14%         2    None
 Inner Flame              Hex/Fire       #.......     28%         3    #......
 Portal Projectile        Hex/Tloc       #.....       28%         3    #......
 Summon Ice Beast         Ice/Summ       ##......     41%         4    ###....
 Summon Lightning Spire   Summ/Air       ##......     41%         4    ###....
 Cause Fear               Hex            #.........   67%         4    ###....


Dungeon Overview and Level Annotations

Branches:
Dungeon (11/15)            Temple (1/1) D:7            Lair (0/6) D:9
    Orc (0/2) D:11

Altars:
Ashenzari
Cheibriados
Dithmenos
Elyvilon
Fedhas
Gozag
Hepliaklqana
Kikubaaqudgha
Makhleb
Nemelex Xobeh
Okawaru
Qazlal
Ru
Sif Muna
Trog
Uskayaw
Vehumet
Wu Jian
Xom
Yredelemnul
Zin
The Shining One


Innate Abilities, Weirdness & Mutations

You are resistant to torment.
Your stone body is resilient. (AC +8)
You are immune to poison.
You resist negative energy. (rN+)
You are resistant to electric shocks. (rElec)
You can survive without breathing.
You are immune to petrification.
You are immune to rotting.


Message History

The bullfrog hits you but does no damage.
Something hits you.
* * * LOW HITPOINT WARNING * * *
Casting: Sandblast (safe; 1% risk of failure)
Confirm with . or Enter, or press ? or * to list all spells.
Okay, then.
You feel better. The bullfrog completely misses you.
The bullfrog hits you but does no damage.
Something hits you.
* * * LOW HITPOINT WARNING * * *
Something hits you but does no damage. The bullfrog closely misses you.
The bullfrog hits you but does no damage.
Something hits you but does no damage. Something hits you but does no damage.
The bullfrog hits you.
* * * LOW HITPOINT WARNING * * *
Something hits you but does no damage. Something hits you but does no damage.
The bullfrog barely misses you. Something hits you.
You die...

######### ##.......# ####
#........# #... #........#
#.#.
#########........######.#.
#........@....J.K.K.....+.
#..........F.....###....#.
#................###...##.
#................+......K.
#...†............#....####
#.........##+#####....# #
#............)...#....# .
#..............#(#....# #
#..............#.#....# #


You could see a big kobold, a bullfrog and a jelly.

Vanquished Creatures
  Erolcha (D:9)
  A centaur warrior (D:10)
  A two-headed ogre (D:9)
  Maurice (D:9)
  A gargoyle (D:10)
  2 trolls
  Prince Ribbit (D:6)
  A hornet (D:9)
  2 vampires (D:10)
  A spriggan (shapeshifter) (D:4)
  Sigmund (D:2)
  A wyvern (D:11)
  A wraith (D:10)
  3 yaks (D:10)
  Eustachio (D:6)
  Grum (D:9)
  Edmund (D:6)
  A soldier ant (D:9)
  3 water moccasins
  Duvessa (D:5)
  2 ice beasts
  5 sky beasts
  An orc warrior (D:8)
  An eye of draining (D:8)
  2 phantoms
  2 necrophages
  6 ogres
  A wolf (D:9)
  7 centaurs
  A big kobold (D:8)
  A crocodile (D:10)
  Dowan (D:5)
  A wyvern skeleton (D:7)
  2 scorpions (D:10)
  3 killer bees (D:8)
  4 howler monkeys (D:7)
  6 crimson imps
  3 hounds
  3 quasits
  5 jellies
  Crazy Yiuf (D:2)
  2 orc priests
  3 bullfrog skeletons
  A gnoll shaman (D:7)
  5 iguanas
  8 worker ants
  17 orc wizards
  A hound zombie (D:9)
  7 gnolls
  17 adders
  5 shadow imps
  2 adder zombies
  3 adder skeletons
  6 worms
  5 dart slugs
  9 leopard geckos
  53 orcs
  8 bats
  3 giant cockroaches
  16 hobgoblins
  12 jackals
  2 quokkas
  2 ball pythons
  6 frilled lizards
  7 goblins
  A jackal zombie (D:5)
  7 kobolds
  A quokka skeleton (D:8)
  A quokka zombie (D:8)
  11 rats
  2 fungi (D:2)
307 creatures vanquished.

Vanquished Creatures (collateral kills)
  A basilisk (D:9)
  An ogre (D:8)
  2 wolves (D:9)
  Blork the orc (D:6)
5 creatures vanquished.

Grand Total: 312 creatures vanquished

Notes
Turn   | Place    | Note
-------+----------+-------------------------------------------
     0 | D:1      | DorianNounverber the Gargoyle Earth Elementalist began the
                  | quest for the Orb.
     0 | D:1      | Reached XP level 1. HP: 10/10 MP: 3/3
    43 | D:1      | Reached XP level 2. HP: 10/15 MP: 0/5
   230 | D:1      | Reached skill level 4 in Earth Magic
   575 | D:1      | Reached XP level 3. HP: 18/19 MP: 0/6
   601 | D:1      | Learned a level 3 spell: Stone Arrow
  1204 | D:2      | Reached XP level 4. HP: 12/24 MP: 0/8
  1940 | D:2      | Noticed Sigmund
  1948 | D:2      | Killed Sigmund
  1948 | D:2      | Reached skill level 1 in Fighting
  1948 | D:2      | Reached skill level 1 in Conjurations
  1948 | D:2      | Reached skill level 5 in Earth Magic
  1948 | D:2      | Reached XP level 5. HP: 29/29 MP: 1/10
  1948 | D:2      | Reached XP level 6. HP: 34/34 MP: 1/11
  2371 | D:2      | Found a runed translucent door.
  2372 | D:2      | Noticed Crazy Yiuf
  2389 | D:2      | Learned a level 4 spell: Petrify
  2402 | D:2      | Killed Crazy Yiuf
  3132 | D:3      | Found an opulent altar of Gozag.
  3650 | D:4      | Reached XP level 7. HP: 40/40 MP: 1/13
  3661 | D:4      | Learned a level 5 spell: Lee's Rapid Deconstruction
  3759 | D:4      | Reached skill level 1 in Staves
  3759 | D:4      | Reached skill level 6 in Earth Magic
  3897 | D:4      | Found a shattered altar of Ashenzari.
  4255 | D:4      | Noticed a shapeshifter
  4255 | D:4      | a hound changed into a shapeshifter
  4255 | D:4      | Noticed a cyclops
  4255 | D:4      | a shapeshifter changed into a cyclops
  4257 | D:4      | Noticed a wind drake
  4257 | D:4      | a cyclops changed into a wind drake
  4267 | D:4      | Noticed a spriggan
  4267 | D:4      | a wind drake changed into a spriggan
  4296 | D:4      | Killed a spriggan
  4984 | D:5      | Entered Level 5 of the Dungeon
  5010 | D:4      | Reached XP level 8. HP: 46/46 MP: 14/14
  5079 | D:5      | Reached skill level 7 in Earth Magic
  5195 | D:5      | Reached skill level 5 in Spellcasting
  5743 | D:5      | Got a steaming rapier
  6093 | D:5      | Noticed Dowan
  6099 | D:5      | Noticed Duvessa
  6108 | D:5      | Killed Duvessa
  6118 | D:5      | Reached XP level 9. HP: 51/52 MP: 0/17
  6126 | D:5      | Killed Dowan
  6126 | D:5      | Reached skill level 8 in Earth Magic
  6476 | D:6      | Learned a level 2 spell: Call Imp
  6635 | D:6      | Noticed Eustachio
  6680 | D:6      | Killed Eustachio
  6858 | D:6      | Noticed Blork the orc
  6875 | D:6      | Killed Blork the orc
  7044 | D:6      | Found a glowing silver altar of Zin.
  7064 | D:6      | Noticed Prince Ribbit
  7066 | D:6      | Killed Prince Ribbit
  7066 | D:6      | Reached skill level 1 in Evocations
  7108 | D:6      | Reached skill level 1 in Summonings
  7187 | D:6      | Noticed Edmund
  7206 | D:6      | Killed Edmund
  7729 | D:7      | Reached skill level 9 in Earth Magic
  7737 | D:7      | Reached XP level 10. HP: 43/58 MP: 9/19
  8006 | D:7      | Reached skill level 5 in Fighting
  8512 | D:7      | Found a staircase to the Ecumenical Temple.
  8574 | Temple   | Entered the Ecumenical Temple
  9139 | D:8      | Reached skill level 5 in Conjurations
  9783 | D:8      | Found the +11 plutonium sword {*Contam Stlth-}
 10096 | D:8      | Found a radiant altar of Vehumet.
 10100 | D:8      | Became a worshipper of Vehumet
 10112 | D:8      | Found a hazy altar of Hepliaklqana.
 10415 | D:9      | Found a staircase to the Lair.
 10540 | D:9      | Noticed a two-headed ogre
 10550 | D:9      | Killed a two-headed ogre
 10550 | D:9      | Reached skill level 10 in Earth Magic
 10930 | D:9      | Noticed Erolcha
 10957 | D:9      | Killed Erolcha
 10957 | D:9      | Reached XP level 11. HP: 64/64 MP: 0/22
 11203 | D:9      | Reached skill level 5 in Dodging
 11333 | D:9      | Noticed Maurice
 11333 | D:9      | Noticed Grum
 11352 | D:9      | Killed Grum
 12029 | D:9      | Killed Maurice
 12029 | D:9      | Reached skill level 5 in Staves
 12111 | D:10     | Entered Level 10 of the Dungeon
 12259 | D:10     | Reached * piety under Vehumet
 12259 | D:10     | Offered knowledge of Freeze by Vehumet.
 13138 | D:10     | Noticed a centaur warrior
 13147 | D:10     | Killed a centaur warrior
 13800 | D:11     | Found a staircase to the Orcish Mines.
 13912 | D:11     | Offered knowledge of Flame Tongue by Vehumet.
 13945 | D:11     | Slain by an unseen horror

Skill      XL: |  1  2  3  4  5  6  7  8  9 10 11 |
---------------+----------------------------------+-----
Earth Magic    | 4 5 6 7 9 10 | 10.9
Dodging        | 2 3 4 5 |  5.4
Spellcasting   | 3 4 5 6 7 8 |  8.2
Fighting       | 1 2 3 4 5 6 |  6.3
Conjurations   | 1 2 3 4 5 6 |  6.1
Staves         | 1 2 3 4 5 |  5.4
Evocations     | 1 3 |  3.8
Summonings     | 1 3 |  3.7
Stealth        | |  2.1
Transmutations | |  0.7

Action                   |  1- 3 |  4- 6 |  7- 9 | 10-12 || total
-------------------------+-------+-------+-------+-------++-------
Melee: Club              |    12 |       |       |       ||    12
       Morningstar       |       |    23 |       |       ||    23
       Quarterstaff      |       |    10 |    84 |   152 ||   246
 Cast: Sandblast         |    41 |    67 |   134 |   107 ||   349
       Stone Arrow       |     4 |    19 |    33 |    33 ||    89
       Lee's Rapid Decon |       |       |     2 |     5 ||     7
       Petrify           |       |       |     2 |     1 ||     3
       Call Imp          |       |       |    14 |    57 ||    71
  Use: Scroll            |       |       |       |    12 ||    12
       Potion            |       |       |       |     3 ||     3
 Stab: Sleeping          |     1 |       |       |     1 ||     2
       Petrified         |       |       |     4 |       ||     4
  Eat: Chunk             |     2 |     5 |     4 |     2 ||    13
       Ration            |       |     2 |     3 |     6 ||    11
Armor: Robe              |    13 |     6 |    41 |   131 ||   191
Dodge: Dodged            |    18 |    28 |    98 |   171 ||   315
